 Dungeon Crawl Stone Soup version 0.17.1-3-g152610e (webtiles) character file.

13499 Peloso the Blocker (level 11, -7/97 HPs)
             Began as a Minotaur Fighter on Mar 28, 2016.
             Was a High Priest of Okawaru.
             Killed from afar by an ice statue (20 damage)
             ... with a bolt of cold
             ... in an ice cave.
             The game lasted 00:39:24 (12143 turns).

Peloso the Blocker (Minotaur Fighter)              Turns: 12143, Time: 00:39:24

Health: -7/97      AC: 24    Str: 25    XL:     11   Next: 76%
Magic:  20/20      EV: 10    Int:  5    God:    Okawaru [*****.]
Gold:   355        SH: 29    Dex: 10    Spells: 0 memorised, 10 levels left

rFire  + . .     SeeInvis .     p - +2 long sword (protect)
rCold  . . .     Clarity  .     N - +0 plate armour
rNeg   + . .     SustAt   .     A - +7 large shield of the Worm {rF+ MR+ Str+3 Dex-2}
rPois  .         Gourm    .     (helmet restricted)
rElec  .         Spirit   .     C - +1 cloak
rCorr  .         Warding  +     (no gloves)
rMut   .         Stasis   .     (no boots)
MR     ++...                    D - amulet of warding
Stlth  ..........               G - ring of magical power
                                f - ring of protection from magic

@: heroism, very resistant to hostile enchantments, extremely unstealthy
A: retaliatory headbutt, horns 2
a: Heroism, Finesse, Renounce Religion


You were in an ice cave.
You worshipped Okawaru.
Okawaru was extremely pleased with you.
You were not hungry.

You visited 3 branches of the dungeon, and saw 14 of its levels.
You also visited: Sewer and Ice Cave.

You collected 877 gold pieces.
You spent 522 gold pieces at shops.

Inventory:

Hand Weapons
 a - a +1 long sword
 p - a +2 long sword of protection (weapon)
 H - a +1 dagger of electrocution
 I - a cursed +3 falchion
Armour
 c - a +0 shield
 g - the +2 pair of gloves of Sutzoz {+Fly rC- MP+9}
   (You bought it in a shop on level 4 of the Dungeon)

   It makes you vulnerable to cold.
   It affects your magic capacity (+9).
   It lets you fly.
 A - the +7 large shield of the Worm (worn) {rF+ MR+ Str+3 Dex-2}
   (You bought it in a shop on level 4 of the Dungeon)

   It affects your strength (+3).
   It affects your dexterity (-2).
   It protects you from fire.
   It affects your resistance to hostile enchantments.
 C - a +1 cloak (worn)
 N - a +0 plate armour (worn)
Jewellery
 f - a ring of protection from magic (left hand)
 s - an uncursed ring of fire
 D - an amulet of warding (around neck)
 G - a ring of magical power (right hand)
Wands
 v - a wand of enslavement (14)
 y - a wand of magic darts (15)
 F - a wand of fire (9)
Scrolls
 h - 2 scrolls of teleportation
 i - 4 scrolls of magic mapping
 j - 7 scrolls of amnesia
 l - 2 scrolls of fear
 o - 2 scrolls of fog {unknown}
 J - 2 scrolls of enchant weapon
 L - a scroll of identify
Potions
 d - 3 potions of might
 k - 3 potions of agility
 m - 2 potions of flight
 q - 10 potions of curing
 r - a potion of invisibility
 u - a potion of mutation {unknown}
 x - 7 potions of heal wounds
 z - 2 potions of brilliance {unknown}
 B - a potion of cure mutation {unknown}
 E - a potion of haste
 K - a potion of lignification {unknown}
 M - a potion of berserk rage {unknown}
 P - 3 potions of beneficial mutation {unknown}
Comestibles
 b - 3 fruits
 e - 7 bread rations
 n - 4 meat rations
 t - 2 beef jerkies
 w - 12 royal jellies


   Skills:
 + Level 9.5(14.5) Fighting
 + Level 11.2(16.2) Long Blades
 + Level 10.4(15.4) Armour
 + Level 5.3(10.3) Dodging
 + Level 1.2(6.2) Stealth
 + Level 13.4(18.4) Shields
 + Level 1.7 Invocations


You had 10 spell levels left.
You didn't know any spells.

Dungeon Overview and Level Annotations

Branches:
Dungeon (12/15)            Temple (1/1) D:4            Lair (0/8) D:11
    Orc (1/4) D:12

Altars:
Ashenzari
Cheibriados
Dithmenos
Elyvilon
Fedhas
Gozag
Kikubaaqudgha
Makhleb
Nemelex Xobeh
Okawaru
Qazlal
Ru
Sif Muna
Trog
Vehumet
Xom
Yredelemnul
Zin
The Shining One

Shops:
D:4 [[   D:5 ?

Annotations:
D:11 exclusion: obsidian statue IceCv exclusion: ice statue


Innate Abilities, Weirdness & Mutations

You reflexively headbutt those who attack you in melee.
You have a pair of horns on your head.


Message History

Drink which item? (? for menu, Esc to quit)
You feel much better.
You are engulfed in freezing vapours.
You hit the ice statue.
The ice statue is heavily damaged.
You are engulfed in freezing vapours.
* * * LOW HITPOINT WARNING * * *
You hit the ice statue. You headbutt the ice statue.
The ice statue is heavily damaged.
Unknown command.
You hit the ice statue.
The ice statue is severely damaged.
The ice statue throws cold at you. The bolt of cold hits you!
* * * LOW HITPOINT WARNING * * *
Unknown command.
You slash the ice statue! You headbutt the ice statue!
The ice statue is almost destroyed.
The ice statue throws cold at you. The bolt of cold hits you!
You die...

##..##..#..###
##.#.≈##...##
#..#.≈≈##.##
#...##≈≈###
##...##≈≈≈≈ ###
#....##≈≈#≈ ##.#
#.....######
#8.###....####..###
##.@.###....##...÷##
##.....##.......#..†.
#......##......###.†.
#..##.....#...###
##.. #.# #........##
### #.. ##........#
#. #.......## #
##.....## #....##


You could see an ice statue.

Vanquished Creatures
  Harold (D:10)
  2 hill giants (D:10)
  Psyche (D:9)
  A troll (D:10)
  5 polar bears (IceCv)
  A two-headed ogre (D:8)
  2 trapdoor spiders
  A wraith (D:10)
  A wyvern (D:9)
  2 shadows
  A deep elf mage (D:10)
  A hungry ghost (D:11)
  Grum (D:8)
  5 yaks (IceCv)
  7 wolves
  2 hippogriffs
  Duvessa (D:7)
  A water moccasin (D:10)
  6 orc warriors
  13 centaurs
  A wasp (D:11)
  2 sky beasts
  A black bear (D:6)
  4 phantoms
  10 ice beasts
  4 ogres
  A crocodile (D:8)
  4 big kobolds
  8 giant frogs
  A wyvern zombie (D:8)
  A wyvern skeleton (D:10)
  4 scorpions
  Dowan (D:7)
  5 wights (D:10)
  2 centaur zombies
  4 killer bees (D:8)
  5 crimson imps
  2 giant frog zombies
  A centaur skeleton (D:11)
  5 orc priests
  Ijyb (D:3)
  2 hounds
  7 jellies
  7 orc wizards
  3 giant frog skeletons (D:8)
  A gnoll shaman (D:10)
  Natasha (thrice) (D:2)
  8 iguanas
  A quasit (D:8)
  4 worker ants
  2 hound skeletons (D:11)
  16 adders
  6 gnolls (D:10)
  2 shadow imps
  8 oozes
  5 adder skeletons
  5 worms
  54 orcs
  3 ball pythons (Sewer)
  10 bats
  8 giant cockroaches
  6 goblins
  4 hobgoblins
  15 jackals
  7 quokkas
  8 giant geckos
  3 giant newts
  23 kobolds
  11 rats
354 creatures vanquished.

Notes
Turn   | Place    | Note
--------------------------------------------------------------
     0 | D:1      | Peloso the Minotaur Fighter began the quest for the Orb.
     0 | D:1      | Reached XP level 1. HP: 19/19 MP: 0/0
   134 | D:1      | Reached XP level 2. HP: 25/27 MP: 1/1
   277 | D:1      | Reached skill level 4 in Armour
   744 | D:2      | Reached XP level 3. HP: 30/33 MP: 2/2
   863 | D:2      | Found an opulent altar of Gozag.
   913 | D:2      | Noticed Natasha
   918 | D:2      | Killed Natasha
   939 | D:2      | Reached XP level 4. HP: 21/40 MP: 3/3
  1210 | D:2      | Noticed Natasha
  1215 | D:2      | Killed Natasha
  1577 | D:2      | Noticed Natasha
  1585 | D:2      | Killed Natasha
  1926 | D:3      | Noticed Ijyb
  1937 | D:3      | Killed Ijyb
  1937 | D:3      | Reached skill level 5 in Shields
  1937 | D:3      | Reached XP level 5. HP: 44/47 MP: 4/4
  1996 | D:3      | Reached skill level 5 in Armour
  2036 | D:3      | Found a glowing drain.
  2044 | Sewer    | Entered a sewer
  2237 | Sewer    | Reached skill level 1 in Dodging
  2285 | Sewer    | Reached XP level 6. HP: 35/55 MP: 5/5
  2291 | Sewer    | Reached skill level 5 in Fighting
  2375 | Sewer    | Reached skill level 6 in Shields
  3093 | D:4      | Reached XP level 7. HP: 51/61 MP: 6/6
  3176 | D:4      | Found Yroekhly's Antique Armour Emporium.
  3358 | D:4      | Found a staircase to the Ecumenical Temple.
  3364 | Temple   | Entered the Ecumenical Temple
  3542 | D:4      | Found Boczoav's Antique Armour Emporium.
  3838 | D:5      | Entered Level 5 of the Dungeon
  3852 | D:5      | Found Zeareiku's Magic Scroll Shoppe.
  4112 | D:5      | Found a deep blue altar of Sif Muna.
  4123 | D:5      | Found a shadowy altar of Dithmenos.
  4245 | D:5      | Reached skill level 5 in Long Blades
  4245 | D:5      | Reached skill level 7 in Shields
  4318 | D:5      | Reached XP level 8. HP: 70/70 MP: 7/7
  5171 | D:6      | Reached skill level 8 in Shields
  5396 | D:6      | Found a sacrificial altar of Ru.
  5396 | D:6      | Found an iron altar of Okawaru.
  5396 | D:6      | Found a basalt altar of Yredelemnul.
  5396 | D:6      | Found a shattered altar of Ashenzari.
  5410 | D:6      | Found a snail-covered altar of Cheibriados.
  5414 | D:6      | Found an ancient bone altar of Kikubaaqudgha.
  5612 | D:6      | Became a worshipper of Warmaster Okawaru
  5952 | D:4      | Bought a pair of transparent gloves for 304 gold pieces
  5962 | D:4      | Identified the +2 pair of gloves of Sutzoz {+Fly rC- MP+9} (You bought it in a shop on level 4 of the Dungeon)
  6063 | D:7      | Noticed Duvessa
  6063 | D:7      | Noticed Dowan
  6071 | D:7      | Killed Dowan
  6071 | D:7      | Reached XP level 9. HP: 69/78 MP: 8/8
  6083 | D:7      | Killed Duvessa
  6474 | D:7      | Reached * piety under Okawaru
  6525 | D:7      | Found a radiant altar of Vehumet.
  6571 | D:7      | Found a blossoming altar of Fedhas.
  6573 | D:7      | Found a stormy altar of Qazlal.
  6636 | D:7      | Reached skill level 1 in Stealth
  7063 | D:8      | Reached skill level 9 in Shields
  7342 | D:8      | Reached ** piety under Okawaru
  7472 | D:8      | Reached XP level 10. HP: 42/88 MP: 9/9
  7830 | D:8      | Reached skill level 5 in Dodging
  7915 | D:8      | Noticed Grum
  7928 | D:8      | Killed Grum
  7928 | D:8      | Reached skill level 10 in Shields
  8143 | D:8      | Found a glowing golden altar of the Shining One.
  8381 | D:8      | Reached skill level 1 in Invocations
  8866 | D:9      | Reached *** piety under Okawaru
  9077 | D:9      | Noticed Psyche
  9096 | D:9      | Killed Psyche
  9821 | D:4      | Bought a spiked large shield for 218 gold pieces
  9831 | D:4      | Identified the +7 large shield of the Worm {rF+ MR+ Str+3 Dex-2} (You bought it in a shop on level 4 of the Dungeon)
  9942 | D:10     | Entered Level 10 of the Dungeon
  9950 | D:10     | Reached skill level 11 in Shields
 10172 | D:10     | Found an ancient bone altar of Kikubaaqudgha.
 10202 | D:10     | Reached skill level 10 in Armour
 10296 | D:10     | Reached skill level 10 in Long Blades
 10299 | D:10     | Noticed Harold
 10318 | D:10     | Killed Harold
 10318 | D:10     | Reached **** piety under Okawaru
 10318 | D:10     | Reached XP level 11. HP: 72/95 MP: 11/11
 10434 | D:10     | Noticed a hill giant
 10446 | D:10     | Killed a hill giant
 10464 | D:10     | Noticed a hill giant
 10476 | D:10     | Killed a hill giant
 10756 | D:10     | Found a glowing golden altar of the Shining One.
 10916 | D:11     | Reached ***** piety under Okawaru
 10983 | D:11     | Reached skill level 12 in Shields
 11133 | D:11     | Found a staircase to the Lair.
 11213 | D:11     | Noticed an eight-headed hydra
 11261 | D:11     | Noticed an obsidian statue
 11409 | D:12     | Found a staircase to the Orcish Mines.
 11424 | Orc:1    | Entered Level 1 of the Orcish Mines
 11704 | Orc:1    | Found a frozen archway.
 11753 | IceCv    | Entered an ice cave
 11818 | IceCv    | Reached skill level 13 in Shields
 12027 | IceCv    | Received a gift from Okawaru
 12143 | IceCv    | Killed from afar by an ice statue

Action                   |  1- 3 |  4- 6 |  7- 9 | 10-12 || total
-------------------------+-------+-------+-------+-------++-------
Melee: Long sword        |    76 |   234 |   418 |   634 ||  1362
Invok: Heroism           |       |       |     1 |     7 ||     8
  Use: Scroll            |       |       |    16 |     5 ||    21
       Potion            |       |       |     1 |     4 ||     5
  Eat: Chunk             |       |     8 |    14 |    18 ||    40
